 Dungeon Crawl Stone Soup version 0.29.0-4-gdea44cf6ec (webtiles) character file.

Game seed: 3381768336953957590

161 qw the Chopper (level 5, -2/30 HPs)
             Began as a Tengu Warper on Aug 28, 2022.
             Slain by a gnoll
             ... wielding a +0 halberd
              (11 damage)
             ... on level 3 of the Dungeon.
             The game lasted 00:00:14 (2997 turns).

qw the Chopper (Tengu Warper)                       Turns: 2997, Time: 00:00:14

Health: -2/30      AC:  9    Str: 13    XL:     5   Next: 42%
Magic:  9/9        EV:  5    Int: 13    God:
Gold:   91         SH:  8    Dex: 14    Spells: 8/8 levels left

rFire   . . .      SeeInvis .   Y - +0 hand axe
rCold   . . .      Faith    .   n - +0 kite shield
rNeg    . . .      Spirit   .   a - +0 chain mail
rPois   .          Reflect  .   (helmet restricted)
rElec   .          Harm     .   (no cloak)
rCorr   .          Rampage  .   d - +0 pair of gloves
Will    .....                   (boots unavailable)
Stlth   ..........              (no amulet)
HPRegen 0.10/turn               (no ring)
MPRegen 0.11/turn               (no ring)

@: flying quickly and evasively, quick
A: beak, talons 3, nimble flight
a: no special abilities


You were on level 3 of the Dungeon.
You visited 1 branch of the dungeon, and saw 3 of its levels.

You collected 91 gold pieces.


Innate Abilities, Weirdness & Mutations

You have a beak for a mouth.
You have claws for feet.
Your magical nature lets you fly swiftly and evasively.


   Skills:
 - Level 2.0 Fighting
 + Level 4.8 Axes
 - Level 1.0 Throwing
 - Level 1.1 Armour
 - Level 2.1 Dodging
 - Level 3.0 Shields
 - Level 2.0 Spellcasting
 - Level 2.4 Translocations


You had 8 spell levels left.
You didn't know any spells.
Your spell library contained the following spells:

 Spells                   Type           Power      Damage    Failure   Level
 Blink                    Tloc           14%        N/A       100%        2
 Gell's Gravitas          Tloc           7%         N/A       100%        3
 Lesser Beckoning         Tloc           7%         N/A       100%        3
 Teleport Other           Tloc           7%         N/A       100%        3
 Manifold Assault         Tloc           7%         N/A       100%        5

Inventory:

Hand Weapons
 o - a +0 mace
 Y - a +0 hand axe (weapon)
Armour
 a - a +0 chain mail (worn)
 d - a +0 pair of gloves (worn)
 n - a +0 kite shield (worn)
Scrolls
 b - a scroll of identify
 e - a scroll of poison {unknown}
Potions
 c - a potion of heal wounds
 f - a potion of lignification {unknown}
 h - a potion of degeneration {unknown}
 i - a potion of berserk rage {unknown}
 j - a potion of haste {unknown}
 k - a potion of might {unknown}
 l - 5 potions of curing

Dungeon Overview and Level Annotations

Branches:
Dungeon (3/15)

Altars:


Message History

You miss the adder.
The adder is severely wounded.
The adder bites you but does no damage.
You hit the adder.
You kill the adder!
2915 ||| STAIRDANCE You fly upwards.
There is a stone staircase leading down here.
Enter note: You start resting.
HP restored.
Done exploring.
(D) Dungeon
Where to? (* - list waypoints, Enter - D:3, ? - help)
What level of the Dungeon? (default 1, ? - help)
You fly downwards.
There is a stone staircase leading up here.
e - a scroll labelled KEGOLU IBOL A gnoll comes into view.
It is wielding a +0 halberd.
The gnoll shouts!
You hear a shout!
A gnoll comes into view. It is wielding a +0 whip.
A gnoll comes into view. It is wielding a +0 whip.
The gnoll shouts!
Found 10 gold pieces.
You block the gnoll's attack.
Found an escape hatch in the floor.
You block the gnoll's attack.
A gnoll comes into view. It is wielding a +0 spear.
The gnoll hits you with a +0 whip.
You closely miss the gnoll.
The gnoll shouts!
Your kick misses the gnoll. You hit the gnoll but do no damage.
The gnoll hits you but does no damage. The gnoll hits you with a +0 whip.
You hit the gnoll. You peck the gnoll, but do no damage.
The gnoll is heavily wounded.
You hit the gnoll. x2
The gnoll hits you with a +0 whip. The gnoll hits you with a +0 halberd!
You block the gnoll's attack. x2; The gnoll hits you with a +0 whip.
The gnoll hits you with a +0 halberd!
You die...

#.# #$# #.# ## ... .
.### #.#.##
.....##g#..#
......ggg>.# ##.#
#.##@# ...# #.##.#
##..###.##.#
#.%........#
#.<........#
#.##.####.##.######
#...................
####.####.##.#######
...# #.##.#


You could see 4 gnolls.

Vanquished Creatures
  An orc wizard (D:1)
  Natasha (thrice) (D:2)
  2 adders
  A dart slug (D:2)
  4 orcs
  2 bats (D:1)
  5 endoplasms
  2 giant cockroaches
  A goblin (D:1)
  2 hobgoblins (D:2)
  2 quokkas
  6 ball pythons
  4 frilled lizards
  3 kobolds
  2 rats (D:1)
40 creatures vanquished.

Notes
Turn   | Place    | Note
-------+----------+-------------------------------------------
     0 | D:1      | qw the Tengu Warper began the quest for the Orb.
     0 | D:1      | Reached XP level 1. HP: 12/12 MP: 4/4
     0 | D:1      | 0 ||| qw: Version: 0.1-a-89-g26bdef1
     0 | D:1      | 0 ||| qw: Game counter: 1433
     0 | D:1      | 0 ||| qw: Always use a shield: true
     0 | D:1      | 0 ||| qw: God list: Okawaru
     0 | D:1      | 0 ||| qw: Allow faded altars: false
     0 | D:1      | 0 ||| qw: Do Orc after D:15 true
     0 | D:1      | 0 ||| qw: Do second Lair branch before Depths: true
     0 | D:1      | 0 ||| qw: Lair rune preference: random
     0 | D:1      | 0 ||| qw: Plans: Normal
     0 | D:1      | 0 ||| PLANNING D:1-11
   154 | D:1      | Reached skill level 3 in Axes
   154 | D:1      | Reached XP level 2. HP: 17/17 MP: 6/6
   181 | D:1      | Found a faded altar of an unknown god.
   879 | D:1      | 879 ||| UPGRADING to +0 kite shield.
   884 | D:1      | 884 ||| READING scroll labelled WUPUIBLEHO.
   885 | D:1      | 885 ||| READING scroll labelled EMIUXO PIABIBB.
   886 | D:1      | 886 ||| READING scroll labelled PIDWAVE YTZO.
   887 | D:1      | 887 ||| READING scroll labelled LILEOMM QETIR.
   891 | D:1      | 891 ||| READING scroll labelled KIRYIGE KEINK.
   892 | D:1      | 892 ||| DROPPING scroll of blinking.
   920 | D:2      | 920 ||| STAIRDANCE
   926 | D:1      | 926 ||| UPGRADING to +0 chain mail.
   936 | D:1      | 936 ||| DROPPING +0 leather armour.
   940 | D:2      | 940 ||| STAIRDANCE
   948 | D:1      | Reached XP level 3. HP: 6/21 MP: 7/7
  1155 | D:2      | 1155 ||| STAIRDANCE
  1429 | D:2      | 1429 ||| Stepping ~*~*~tactically~*~*~ (hiding).
  1618 | D:2      | Noticed Natasha
  1631 | D:2      | HP: 1/21 [Natasha (7)]
  1632 | D:2      | Killed Natasha
  1633 | D:2      | Reached skill level 4 in Axes
  1633 | D:2      | Reached XP level 4. HP: 1/26 MP: 8/8
  2015 | D:2      | Noticed Natasha
  2025 | D:2      | Killed Natasha
  2306 | D:2      | Gained mutation: Your magical nature lets you fly swiftly
                  | and evasively. [Tengu growth]
  2306 | D:2      | Reached XP level 5. HP: 30/30 MP: 9/9
  2362 | D:2      | Reached skill level 3 in Shields
  2765 | D:2      | Noticed Natasha
  2766 | D:2      | 2766 ||| Stepping ~*~*~tactically~*~*~ (stealth).
  2771 | D:2      | 2771 ||| Stepping ~*~*~tactically~*~*~ (hiding).
  2772 | D:2      | 2772 ||| Stepping ~*~*~tactically~*~*~ (hiding).
  2779 | D:2      | Killed Natasha
  2855 | D:2      | 2855 ||| UPGRADING to +0 pair of gloves.
  2860 | D:2      | 2860 ||| READING scroll labelled PANEIL KOHIME.
  2861 | D:2      | 2861 ||| DRINKING 6 sapphire potions.
  2862 | D:2      | 2862 ||| READING 2 scrolls of identify.
  2862 | D:2      | 2862 ||| IDENTIFYING cyan potion
  2915 | D:3      | 2915 ||| STAIRDANCE
  2997 | D:3      | Slain by a gnoll

Levels and vault maps discovered:
D:1:      amcnicky_arrival_flooded_fountain, layout_loops_ring,
          chequers_ecumenical_altar_simple, serial_glass, glass_columns_c,
          glass_columns_a
D:2:      layout_basic, serial_rivers, chequers_serial_rivers_micro_c,
          chequers_serial_rivers_small_b, chequers_serial_rivers_micro_c,
          chequers_serial_rivers_room_b, chequers_serial_rivers_micro_c,
          grunt_ministairs_7, uniq_natasha
D:3:      layout_basic, trog_wizard, nicolae_hepliaklqana_monster_ancestors,
          nemelex_altar_shiori, nicolae_overflow_ecumenical_swirl, serial_shops,
          shop, uniq_ijyb, uniq_crazy_yiuf_cottage

Skill      XL: |  1  2  3  4  5 |
---------------+----------------+-----
Axes           | 3 4 |  4.8
Shields        | 2 3 |  3.0
Fighting       | |  2.0
Throwing       | |  1.0
Armour         | |  1.1
Dodging        | |  2.1
Spellcasting   | |  2.0
Translocations | |  2.4

Action                   |  1- 3 |  4- 6 || total
-------------------------+-------+-------++-------
Melee: Hand axe          |    58 |    62 ||   120
       Kick              |    16 |    15 ||    31
       Peck              |     5 |    12 ||    17
Throw: Boomerang         |     7 |       ||     7
  Use: Scroll            |     5 |     2 ||     7
       Potion            |       |     1 ||     1
 Stab: Sleeping          |     1 |       ||     1
Armor: Leather armour    |     4 |       ||     4
       Chain mail        |    21 |    20 ||    41
Dodge: Dodged            |    18 |    16 ||    34
Block: Kite shield       |    11 |    28 ||    39

Table legend:
 A = Non-vault XP
 B = Vault XP
 C = Vault XP percentage of total XP
 D = Non-vault monster count
 E = Vault monster count
 F = Vault count percentage of total count
                 A         B        C        D         E       F
            +---------+---------+-------+---------+---------+-------
      Total |     192 |      38 |  16.5 |      37 |       3 |   7.5
            +---------+---------+-------+---------+---------+-------
        D:1 |      72 |       0 |   0.0 |      22 |       0 |   0.0
        D:2 |     107 |      38 |  26.2 |      14 |       3 |  17.6
        D:3 |      13 |       0 |   0.0 |       1 |       0 |   0.0
            +---------+---------+-------+---------+---------+-------
